[Event "TIPC 2006"]
[Site "Charleroi BEL"]
[Date "2006.08.03"]
[Round "7"]
[White "Cappon, John"]
[Black "Wiley, Tom"]
[Result "0-1"]
[ECO "C16"]
[WhiteElo "2231"]
[BlackElo "2340"]
[PlyCount "80"]
[TimeControl "40/7200:3600"]

1. e4 e6 2. d4 d5 3. Nc3 Bb4 4. e5 b6 5. Qg4 Bf8 6.
Nf3 Ba6 7. Bxa6 Nxa6 8. Bd2 Qd7 9. O-O Ne7 10. a4 Ng6 11. Ne1 c5 12. Qe2 Nb4
13. a5 cxd4 14. Nd1 bxa5 15. f4 Bc5 16. Nf2 Bb6 17. Nfd3 Rc8 18. Bxb4 axb4 19.
Kh1 a5 20. g4 Ne7 21. Nf3 h5 22. f5 hxg4 23. fxe6 fxe6 24. Ng5 Nf5 25. Rxf5
exf5 26. e6 Qe7 27. Nf7 O-O 28. Nfe5 Qxe6 29. Nf4 Qh6 30. Neg6 Rfe8 31. Qb5 Bc5
32. Qd7 Qg5 33. Qxd5+ Kh7 34. h4 Qf6 35. Kh2 Bd6 36. h5 Bxf4+ 37. Nxf4 Rxc2+
38. Kg1 Qe5 39. Qf7 Qe3+ 40. Kh1 Qf3+ 0-1

[Event "TIPC 2006"]
[Site "Charleroi BEL"]
[Date "2006.08.03"]
[Round "7"]
[White "Henris, Luc"]
[Black "Brittner, Serge"]
[Result "0-1"]
[ECO "C17"]
[WhiteElo "2269"]
[BlackElo "2327"]
[PlyCount "48"]
[TimeControl "40/7200:3600"]

1. e4 e6 2. d4 d5 3. Nc3 Bb4 4. e5 c5 5. dxc5 Nc6 6.
Nf3 Nge7 7. Bd3 Ng6 8. Bxg6 fxg6 9. O-O Bxc5 10. Bg5 Qd7 11. a3 O-O 12. Na4 Be7
13. Bxe7 Qxe7 14. h4 Bd7 15. Nc3 Rf5 16. Qe2 Raf8 17. Rad1 Rxf3 18. gxf3 Qxh4
19. f4 Rxf4 20. f3 Nxe5 21. Qg2 Nxf3+ 22. Rxf3 Rg4 23. Rdf1 Rxg2+ 24. Kxg2 Qe7
0-1

[Event "TIPC 2006"]
[Site "Charleroi BEL"]
[Date "2006.08.04"]
[Round "8"]
[White "Maréchal, Andy"]
[Black "Foisor, Cristina"]
[Result "1/2-1/2"]
[ECO "B23"]
[WhiteElo "2305"]
[BlackElo "2393"]
[PlyCount "87"]
[TimeControl "40/7200:3600"]

1. e4 c5 2. Nc3 e6 3. g3 d5 4. exd5 exd5 5. Bg2 Nf6
6. d3 d4 7. Ne4 Nxe4 8. dxe4 Nc6 9. Ne2 Qa5+ 10. Bd2 Qb6 11. Nf4 Bd6 12. Nd5
Qd8 13. O-O O-O 14. c3 Be6 15. Re1 Qd7 16. Rc1 Rae8 17. cxd4 cxd4 18. a3 Ne5
19. Bf4 Nc6 20. Bxd6 Qxd6 21. b4 a6 22. Qd2 f6 23. Rcd1 Rd8 24. Rb1 f5 25. Nf4
Bc8 26. Nd3 fxe4 27. Bxe4 Kh8 28. Rbc1 Bf5 29. Rc5 Bxe4 30. Rxe4 Rfe8 31. Qe2
Qg6 32. Rxe8+ Rxe8 33. Qf3 h6 34. Rf5 Kh7 35. h4 Qe6 36. Kg2 Re7 37. h5 Qe2 38.
Rf8 Qxf3+ 39. Kxf3 Ne5+ 40. Nxe5 Rxe5 41. g4 Re1 42. Rd8 Ra1 43. Rxd4 Rxa3+ 44.
Ke4 1/2-1/2

[Event "TIPC 2006"]
[Site "Charleroi BEL"]
[Date "2006.08.04"]
[Round "8"]
[White "Saibulatov, Danial"]
[Black "Cappon, John"]
[Result "1/2-1/2"]
[ECO "B40"]
[WhiteElo "2431"]
[BlackElo "2231"]
[PlyCount "77"]
[TimeControl "40/7200:3600"]

1. e4 c5 2. Nf3 e6 3. c3 d5 4. exd5 exd5 5. Bb5+ Bd7
6. Bxd7+ Nxd7 7. d4 Ngf6 8. O-O Be7 9. dxc5 Nxc5 10. Be3 O-O 11. Na3 Ne6 12.
Nc2 Re8 13. Nfd4 Qd7 14. Qf3 b6 15. Nf5 Rad8 16. Rad1 Bc5 17. Ncd4 Bxd4 18.
Bxd4 Nxd4 19. Rxd4 Re4 20. Rfd1 Rxd4 21. Nxd4 Re8 22. h3 Kf8 23. Qd3 Qa4 24. a3
Re4 25. f3 Re3 26. Qxe3 Qxd1+ 27. Kh2 Qa4 28. Qe5 Qd7 29. g4 Ne8 30. Kg2 f6 31.
Qb8 Kf7 32. Qf4 Nd6 33. b3 Nb5 34. Qd2 Nxd4 35. Qxd4 Qe6 36. Kf2 Qe5 37. Qxe5
fxe5 38. Ke3 g5 39. a4 1/2-1/2

[Event "TIPC 2006"]
[Site "Charleroi BEL"]
[Date "2006.08.04"]
[Round "8"]
[White "Wiley, Tom"]
[Black "Feller, Sébastien"]
[Result "1-0"]
[ECO "D11"]
[WhiteElo "2340"]
[BlackElo "2345"]
[PlyCount "77"]
[TimeControl "40/7200:3600"]

1. d4 d5 2. c4 c6 3. Nf3 Nf6 4. e3 a6 5. Bd3 Bg4 6.
Qb3 Bxf3 7. gxf3 Qc7 8. f4 e6 9. c5 Nbd7 10. Bd2 g6 11. Nc3 Be7 12. Qc2 Nh5 13.
b4 f5 14. a4 Kf7 15. Ke2 Rhb8 16. b5 axb5 17. axb5 Nhf6 18. b6 Qc8 19. f3 Bf8
20. Qb2 Nh5 21. Rxa8 Rxa8 22. Ra1 Bg7 23. Ra7 Rb8 24. Qa3 Nhf6 25. Na2 Ng8 26.
Nc1 Bf8 27. Qa4 Qd8 28. Nb3 Ngf6 29. Na5 Bxc5 30. dxc5 Nxc5 31. Qxc6 Ncd7 32.
Nxb7 Qxb6 33. Qxb6 Nxb6 34. Nd8+ Kg8 35. Nxe6 Re8 36. Nd4 Nh5 37. Kf2 Rb8 38.
Ne6 Ra8 39. Rxa8+ 1-0

[Event "TIPC 2006"]
[Site "Charleroi BEL"]
[Date "2006.08.04"]
[Round "8"]
[White "Foisor, Ovidiu"]
[Black "Henris, Luc"]
[Result "1/2-1/2"]
[ECO "C01"]
[WhiteElo "2415"]
[BlackElo "2269"]
[PlyCount "39"]
[TimeControl "40/7200:3600"]

1. d4 d5 2. c4 e5 3. e3 exd4 4. exd4 Nf6 5. Nc3 Be7
6. cxd5 Nxd5 7. Bc4 Nf6 8. Nf3 O-O 9. O-O Bg4 10. Be3 Nc6 11. h3 Bh5 12. g4 Bg6
13. Ne5 Nxe5 14. dxe5 Ne4 15. Qxd8 Rfxd8 16. Nd5 Bh4 17. Rad1 c6 18. Nf4 Be7
19. e6 f6 20. Nxg6 1/2-1/2

[Event "TIPC 2006"]
[Site "Charleroi BEL"]
[Date "2006.08.04"]
[Round "8"]
[White "Ahn, Martin"]
[Black "Brittner, Serge"]
[Result "1/2-1/2"]
[ECO "C11"]
[WhiteElo "2306"]
[BlackElo "2327"]
[PlyCount "31"]
[TimeControl "40/7200:3600"]

1. e4 e6 2. Nf3 d5 3. Nc3 Nf6 4. e5 Nfd7 5. d4 c5 6.
Bg5 Qb6 7. dxc5 Bxc5 8. Qd2 Nc6 9. O-O-O Bb4 10. a3 Bxc3 11. Qxc3 Qc5 12. Qxc5
Nxc5 13. c4 dxc4 14. Bxc4 Bd7 15. Kb1 Rc8 16. Be3 1/2-1/2

[Event "TIPC 2006"]
[Site "Charleroi BEL"]
[Date "2006.08.05"]
[Round "9"]
[White "Foisor, Cristina"]
[Black "Ahn, Martin"]
[Result "0-1"]
[ECO "A96"]
[WhiteElo "2393"]
[BlackElo "2306"]
[PlyCount "98"]
[TimeControl "40/7200:3600"]

1. Nf3 d6 2. d4 f5 3. c4 Nf6 4. Nc3 e6 5. g3 Be7 6.
Bg2 O-O 7. O-O a5 8. Bg5 Nbd7 9. Qc2 Ng4 10. Bxe7 Qxe7 11. e3 Kh8 12. a3 e5 13.
b4 e4 14. Nd2 c6 15. b5 Qg5 16. Rfe1 c5 17. Nd5 Qh5 18. Nf1 Ngf6 19. Nc7 Rb8
20. Red1 Nb6 21. dxc5 dxc5 22. Rd2 Qf7 23. Nd5 Nbxd5 24. cxd5 b6 25. f3 Re8 26.
Rad1 Bb7 27. fxe4 fxe4 28. d6 Rbd8 29. h3 h5 30. Nh2 Qg6 31. Nf1 Re5 32. Qc4
Bc8 33. d7 Rxd7 34. Rxd7 Nxd7 35. Rd5 Qe6 36. Rxe5 Qxc4 37. Re8+ Kh7 38. Bxe4+
g6 39. Bc6 Ne5 40. Rxc8 Nxc6 41. bxc6 Qe6 42. Rc7+ Kg8 43. Kf2 c4 44. Nd2 c3
45. Nb3 Qxb3 46. Rd7 c2 47. c7 c1=Q 48. Rd8+ Kg7 49. c8=Q Qf7+ 0-1

[Event "TIPC 2006"]
[Site "Charleroi BEL"]
[Date "2006.08.05"]
[Round "9"]
[White "Henris, Luc"]
[Black "Wiley, Tom"]
[Result "1/2-1/2"]
[ECO "C02"]
[WhiteElo "2269"]
[BlackElo "2340"]
[PlyCount "114"]
[TimeControl "40/7200:3600"]

1. e4 e6 2. d4 d5 3. e5 c5 4. c3 Nc6 5. Nf3 Bd7 6.
a3 f6 7. Bd3 Qc7 8. O-O O-O-O 9. Re1 c4 10. Bf1 Nge7 11. Nbd2 fxe5 12. Ng5 Re8
13. Nf7 Rg8 14. dxe5 Ng6 15. Nf3 Be7 16. Nd6+ Bxd6 17. exd6 Qb8 18. b4 Nd8 19.
h4 b6 20. h5 Nh8 21. Bf4 Nhf7 22. a4 Nb7 23. Ne5 Nxe5 24. Bxe5 Nd8 25. Bh2 a6
26. Be2 Kb7 27. Bf3 Ka8 28. Ra2 Qb7 29. Rae2 Ka7 30. Bg4 h6 31. Bg3 Qc6 32. a5
b5 33. Qd4+ Ka8 34. Bh4 Qxd6 35. Bxd8 Rxd8 36. Bxe6 Rge8 37. Bxd5+ Kb8 38. Re7
Rxe7 39. Rxe7 Re8 40. Rxe8+ Bxe8 41. g4 Bd7 42. f3 Bc8 43. Kf2 Bb7 44. Bxb7
Qxd4+ 45. cxd4 Kxb7 46. f4 Kc6 47. g5 Kd6 48. Ke3 Ke6 49. Ke4 Kf7 50. d5 Ke7
51. Kd4 Kf7 52. d6 Ke6 53. f5+ Kxd6 54. f6 Ke6 55. fxg7 Kf7 56. gxh6 Kg8 57.
Ke5 Kf7 1/2-1/2

[Event "TIPC 2006"]
[Site "Charleroi BEL"]
[Date "2006.08.05"]
[Round "9"]
[White "Feller, Sébastien"]
[Black "Saibulatov, Danial"]
[Result "0-1"]
[ECO "A18"]
[WhiteElo "2345"]
[BlackElo "2431"]
[PlyCount "172"]
[TimeControl "40/7200:3600"]

1. c4 e6 2. Nc3 Nf6 3. e4 d5 4. e5 d4 5. exf6 dxc3
6. bxc3 Qxf6 7. Nf3 Bd6 8. d4 h6 9. Bd3 Nd7 10. O-O c6 11. Nd2 Qh4 12. g3 Qd8
13. Ne4 Be7 14. Qg4 Kf8 15. Qf3 e5 16. Bb2 Kg8 17. Rfe1 h5 18. Re3 exd4 19.
cxd4 Nf8 20. d5 Bg4 21. Qg2 Qd7 22. f3 cxd5 23. cxd5 Bh3 24. Qc2 Rc8 25. Qb3
Rh6 26. Bd4 Nh7 27. Rae1 Bf8 28. Rb1 b6 29. Bb5 Qd8 30. Rd1 Bf5 31. Ba6 Rc7 32.
Be5 Re7 33. Nf2 Re8 34. Bb5 Bd7 35. Bf4 Rxe3 36. Bxe3 Rf6 37. Bd4 Rh6 38. Be3
Rf6 39. Be2 h4 40. Kg2 Qe8 41. Re1 Qd8 42. f4 Bc8 43. Bf3 Rd6 44. Rd1 Nf6 45.
Bd4 Bb7 46. Be5 Rd7 47. Bxf6 Qxf6 48. Ng4 Qf5 49. Qd3 Qxd3 50. Rxd3 hxg3 51.
hxg3 Bc5 52. Ne5 Rd8 53. Nc6 Rd7 54. Rd1 a6 55. Re1 Kf8 56. g4 a5 57. Kg3 Rd6
58. Be4 g6 59. Rh1 Kg7 60. Bf3 a4 61. g5 a3 62. f5 gxf5 63. Ne7 Rd8 64. Nxf5+
Kg8 65. Rd1 Bc8 66. Nh6+ Kg7 67. Bh5 Bd6+ 68. Kf3 Rf8 69. Bg4 f5 70. Bh5 Bb7
71. Ke3 Bc5+ 72. Kf4 Bd6+ 73. Ke3 Bc5+ 74. Kf3 b5 75. Kf4 Bd6+ 76. Ke3 Bc5+ 77.
Kf4 Bd6+ 78. Ke3 Bc5+ 79. Kd3 Bxd5 80. Kc2 Be6 81. Re1 Bxa2 82. Re5 Rc8 83.
Nxf5+ Kh8 84. Kd2 Bb1 85. g6 Bxf5 86. Rxf5 a2 0-1